 Dungeon Crawl Stone Soup version 0.28.0 (webtiles) character file.

Game seed: 6771285192275754756

613 GordonOverkill the Shooter (level 7, -5/42 HPs)
             Began as a Deep Elf Artificer on Feb 18, 2022.
             Killed from afar by Ijyb (15 damage)
             ... with an iceblast
             ... on level 4 of the Dungeon.
             The game lasted 00:15:22 (6868 turns).

GordonOverkill the Shooter (Deep Elf Artificer)     Turns: 6868, Time: 00:15:22

Health: -5/42      AC:  4    Str: 11      XL:     7   Next: 20%
Magic:  9/9        EV: 12    Int: 16      God:
Gold:   401        SH:  0    Dex: 14 (15) Spells: 6/6 levels left

rFire   . . .      SeeInvis .   b - +0 rapier
rCold   . . .      Faith    .   (no shield)
rNeg    . . .      Spirit   .   g - +0 leather armour
rPois   .          Reflect  .   (no helmet)
rElec   .          Harm     .   r - +0 cloak
rCorr   .          Rampage  .   (no gloves)
Will    .....                   (no boots)
Stlth   +.........              (no amulet)
HPRegen 0.14/turn               (no ring)
MPRegen 0.11/turn               (no ring)

@: no status effects
A: no striking features
a: no special abilities


You were on level 4 of the Dungeon.
You visited 1 branch of the dungeon, and saw 4 of its levels.
You also visited: Ossuary.

You collected 401 gold pieces.

Inventory:

Hand Weapons
 a - a +7 shortbow of freezing
 b - a +0 rapier (weapon)
 f - a +0 dagger
Missiles
 l - 12 arrows
Armour
 g - a +0 leather armour (worn)
 r - a +0 cloak (worn)
Wands
 d - a wand of charming (11)
Scrolls
 c - a scroll of identify
 p - a scroll of blinking
 u - a scroll of enchant armour {unknown}
 v - a scroll of fog
Potions
 h - a potion of attraction {unknown}
 i - a potion of brilliance
 j - 2 potions of ambrosia
 m - a potion of lignification {unknown}
 n - 2 potions of haste
 q - 3 potions of curing {unknown}
 t - a potion of flight {unknown}
 w - a potion of might {unknown}
Miscellaneous
 e - a piece from Xom's chessboard (6/15)


   Skills:
 + Level 3.9 Fighting
 * Level 6.7 Bows
 - Level 2.0 Throwing
 - Level 0.7 Armour
 - Level 2.4 Dodging
 - Level 1.2 Stealth
 - Level 4.0 Evocations


You had 6 spell levels left.
You didn't know any spells.
Your spell library contained the following spells:

 Spells                   Type           Power      Damage    Failure   Level
 Beastly Appendage        Tmut           0%         N/A       32%         1
 Wereblood                Tmut           0%         N/A       45%         2
 Conjure Flame            Conj/Fire      0%         6-21      69%         3
 Ignite Poison            Fire/Tmut/Pois 0%         N/A       69%         3
 Spider Form              Tmut/Pois      0%         N/A       69%         3
 Sticky Flame             Conj/Fire      0%         2d3       97%         4


Dungeon Overview and Level Annotations

Branches:
Dungeon (4/15)            Ossuary (visited)
 Temple: D:4-7

Altars:
Wu Jian

Annotations:
D:4 2 runed translucent doors, Ijyb; mfcas's ghost, amateur TrMo


Message History

l - 10 arrows (gained 3)
There is an open door, spattered with blood here.
Things that are here:
a +0 rapier; a +0 leather armour; the human corpse of Eustachio
l - 12 arrows (gained 2)
You start resting.
HP restored.
Your +7 shortbow of freezing stops glowing.
b - a +0 rapier (weapon)
There is an open door, spattered with blood here.
Things that are here:
a +0 rapier; a +0 leather armour; the human corpse of Eustachio You now have 401 gold pieces (gained 9).
Ijyb the Twisted Goblin comes into view.
She is wielding a +0 club, wearing a +4 scale mail of poison resistance and carrying a wand of iceblast (4).
Ijyb is nearby!
Ijyb is nearby!
Ijyb is nearby!
Ijyb is nearby!
Unknown command.
You make a move on Xom's chessboard...
Ijyb shouts!
Ijyb twists and deforms.
You make a move on Xom's chessboard...
Ijyb seems to grow stronger.
You make a move on Xom's chessboard...
Ijyb seems to slow down.
Ijyb zaps a wand.
The mass of ice explodes!
The iceblast engulfs you!
Unknown command.
You make a move on Xom's chessboard...
Ijyb twists and deforms.
You make a move on Xom's chessboard...
Ijyb seems to speed up.
Ijyb zaps a wand.
The mass of ice explodes!
The iceblast engulfs you!
* * * LOW HITPOINT WARNING * * *
You make a move on Xom's chessboard...
Ijyb flickers and vanishes!
Deactivating autopickup; reactivate with Ctrl-A.
You hear a zap.
An iceblast appears from out of thin air!
The mass of ice explodes!
The iceblast engulfs you!
* * * LOW HITPOINT WARNING * * *
You hear a zap.
An iceblast appears from out of thin air!
The mass of ice explodes!
The iceblast engulfs you!
You die...

##### ....#
##############
###.###.........@..#
........#...######.#
###.####.....# ... #
#.# ##...## .##{#
###.# ##.## .. ..
.5..# #.# ## .#
##### #.# # # ##)##
# ##...##


There were no monsters in sight!

Vanquished Creatures
  Sigmund (D:4)
  Eustachio (D:4)
  A scorpion (D:4)
  8 mummies (Ossuary)
  A howler monkey skeleton (D:4)
  3 adders
  A gnoll (D:4)
  An adder skeleton (D:4)
  2 worms
  2 dart slugs
  10 orcs (D:3)
  6 bats
  An endoplasm (D:4)
  4 giant cockroaches
  2 gnoll zombies (Ossuary)
  7 goblins
  4 hobgoblins (D:3)
  2 quokkas
  3 ball pythons
  A frilled lizard (D:3)
  3 hobgoblin zombies (Ossuary)
  6 kobolds
  2 kobold zombies (Ossuary)
  An orc zombie (Ossuary)
  4 rats
77 creatures vanquished.

Vanquished Creatures (collateral kills)
  3 gnolls (D:4)
3 creatures vanquished.

Vanquished Creatures (others)
  An adder (D:4)
  A ball python (D:4)
2 creatures vanquished.

Grand Total: 82 creatures vanquished

Notes
Turn   | Place    | Note
-------+----------+-------------------------------------------
     0 | D:1      | GordonOverkill the Deep Elf Artificer began the quest for
                  | the Orb.
     0 | D:1      | Reached XP level 1. HP: 11/11 MP: 3/3
    26 | D:1      | Reached skill level 1 in Fighting
   613 | D:1      | Reached XP level 2. HP: 16/16 MP: 4/4
  1089 | D:2      | Found the +7 Kryia's mail coat {PotionHeal*2 rC+}
  1180 | D:2      | Reached XP level 3. HP: 11/21 MP: 5/5
  1516 | D:2      | Reached skill level 1 in Throwing
  1516 | D:2      | Found a faded altar of an unknown god.
  2774 | D:3      | Reached XP level 4. HP: 26/26 MP: 6/6
  3604 | D:4      | Noticed a scorpion
  3658 | D:4      | Identified a scroll of acquirement
  3658 | D:4      | Acquired a +7 shortbow of freezing
  3740 | D:4      | Reached skill level 1 in Bows
  3959 | D:4      | Found an ornate altar of the Wu Jian Council.
  4054 | D:4      | Found a sand-covered staircase.
  4058 | Ossuary  | Entered an ossuary
  4303 | Ossuary  | Reached skill level 2 in Bows
  4303 | Ossuary  | Reached XP level 5. HP: 31/31 MP: 7/7
  4414 | Ossuary  | Reached skill level 3 in Bows
  5342 | D:4      | Reached skill level 4 in Bows
  5397 | D:4      | Found a large runed translucent door.
  5397 | D:4      | Found a large runed translucent door.
  5398 | D:4      | Noticed mfcas's ghost (amateur TrMo)
  5424 | D:4      | Noticed Sigmund
  5448 | D:4      | Killed Sigmund
  5449 | D:4      | Reached skill level 5 in Bows
  5449 | D:4      | Reached XP level 6. HP: 37/37 MP: 8/8
  5843 | D:4      | Reached skill level 6 in Bows
  6567 | D:4      | Noticed Eustachio
  6768 | D:4      | Killed Eustachio
  6769 | D:4      | Reached XP level 7. HP: 32/42 MP: 9/9
  6860 | D:4      | Noticed Ijyb
  6868 | D:4      | Killed from afar by Ijyb

Illustrated notes

Levels and vault maps discovered:
D:1:      shiori_arrival_maze, layout_basic, minmay_misc_feat_doors
D:2:      layout_loops_cross, shapermc_ecumenical_altar_notcrosses
D:3:      layout_loops_ring
D:4:      layout_loops_corners, pdpol_wu_jian_five_deadly_venoms,
          enter_ossuary_5, ebering_ghost_disaster_area, kennysheep_cross_room,
          uniq_eustachio, uniq_sigmund, uniq_ijyb

Skill      XL: |  1  2  3  4  5  6 |
---------------+-------------------+-----
Fighting       | 1 2 3 |  3.9
Evocations     | 4 |  4.0
Throwing       | 1 2 |  2.0
Bows           | 2 5 6 |  6.7
Armour         | |  0.7
Dodging        | |  2.4
Stealth        | |  1.2

Action                   |  1- 3 |  4- 6 |  7- 9 || total
-------------------------+-------+-------+-------++-------
Melee: Rapier            |    65 |   158 |       ||   223
       Dagger            |     6 |       |       ||     6
       Club              |     2 |       |       ||     2
       Punch             |     1 |     4 |       ||     5
 Fire: Shortbow          |       |    24 |       ||    24
Throw: Boomerang         |    21 |    64 |       ||    85
       Dart              |       |     6 |       ||     6
Evoke: Wand              |    14 |     5 |       ||    19
       Piece from Xom's  |     1 |    12 |     6 ||    19
  Use: Scroll            |       |    10 |       ||    10
       Potion            |       |     1 |       ||     1
 Stab: Sleeping          |     2 |     1 |       ||     3
       Paralysed         |     3 |       |       ||     3
       Petrified         |       |    12 |       ||    12
Armor: Leather armour    |    10 |    44 |       ||    54
Dodge: Dodged            |    50 |    97 |       ||   147
